 Dungeon Crawl Stone Soup version 0.28.0-61-g67df4f89a8 (webtiles) character file.

Game seed: 14255629616219174603

42 NotaViper the Ducker (level 3, -1/30 HPs)
             Began as a Ghoul Gladiator on Feb 14, 2023.
             Was a Follower of Nemelex Xobeh.
             Killed from afar by an orc wizard (5 damage)
             ... with a magic dart
             ... on level 2 of the Dungeon.
             The game lasted 00:05:16 (1162 turns).

NotaViper the Ducker (Ghoul Gladiator)              Turns: 1162, Time: 00:05:16

Health: -1/30      AC:  4    Str: 19    XL:     3   Next: 54%
Magic:  2/2        EV: 12    Int:  3    God:    Nemelex Xobeh [*.....]
Gold:   34         SH:  0    Dex: 10    Spells: 2/2 levels left

rFire   . . .      SeeInvis .   a - +0 long sword
rCold   + . .      Faith    .   (no shield)
rNeg    + + +      Spirit   .   b - +0 leather armour
rPois   ∞          Reflect  .   c - +0 helmet
rElec   .          Harm     .   (no cloak)
rCorr   .          Rampage  .   (no gloves)
Will    .....                   (no boots)
Stlth   +.........              (no amulet)
HPRegen 0.00/turn               (no ring)
MPRegen 0.08/turn               (no ring)

@: inhibited regen
A: claws 1, cold resistance 1, negative energy resistance 3, inhibited
regeneration, torment resistance 2
a: Renounce Religion, Draw Escape, Draw Destruction, Draw Summoning


You were on level 2 of the Dungeon.
You worshipped Nemelex Xobeh.
Nemelex Xobeh was aware of your devotion.
You visited 1 branch of the dungeon, and saw 2 of its levels.

You collected 34 gold pieces.

Inventory:

Hand Weapons
 a - a +0 long sword (weapon)
 h - a +0 hand axe
 i - a +0 club
 l - a +0 whip
 m - a +0 whip
Missiles
 d - 3 throwing nets (quivered)
 f - 3 stones
Armour
 b - a +0 leather armour (worn)
 c - a +0 helmet (worn)
Scrolls
 g - a scroll of magic mapping {unknown}
 j - 3 scrolls of identify {unknown}
Potions
 e - a potion of might {unknown}
 k - a potion of lignification {unknown}


   Skills:
 + Level 2.4 Fighting
 + Level 3.1 Long Blades
 + Level 1.9 Throwing
 + Level 1.1 Armour
 + Level 3.2 Dodging


You had 2 spell levels left.
You didn't know any spells.
Your spell library contained the following spells:

 Spells                   Type           Power      Damage    Failure   Level
 Sting                    Tmut/Pois      0%         1d3       58%         1


Dungeon Overview and Level Annotations

Branches:
Dungeon (2/15)

Altars:
Nemelex Xobeh


Innate Abilities, Weirdness & Mutations

You thrive by killing the living.
You are immune to poison.
You have sharp fingernails.
Your flesh is cold resistant. (rC+)
You are immune to negative energy. (rN+++)
You do not regenerate when monsters are visible.
You are immune to unholy pain and torment.


Message History

You miss something. The goblin barely misses you.
You hear some strange, mumbled words.
Something tries to affect you, but you resist.
An orc comes into view. It is wielding a +0 short sword.
The rat bites you.
You closely miss something. The goblin closely misses you. The rat bites you.
You closely miss the orc. The goblin hits you but does no damage.
Something barely misses you. The rat bites you but does no damage.
The goblin misses you.
You barely miss something. The rat misses you.
The orc hits you but does no damage.
The orc throws a boomerang.
The boomerang closely misses you. The goblin hits you with a +0 dagger.
The orc hits you with a +0 dagger. The rat closely misses you.
You hit the orc but do no damage. The orc hits you with a +0 club.
The goblin hits you but does no damage. Something hits you.
* * * LOW HITPOINT WARNING * * *
The orc misses you. The rat barely misses you. The orc hits you with a +0 club.
* * * LOW HITPOINT WARNING * * *
The orc throws a boomerang.
The boomerang closely misses you.
You hit the orc but do no damage. Something hits you but does no damage.
The goblin misses you. The orc misses you. The rat barely misses you.
The orc barely misses you.
You closely miss the orc. The goblin hits you but does no damage.
A ball python comes into view.
Something hits you.
* * * LOW HITPOINT WARNING * * *
The orc completely misses you. The rat closely misses you. The orc misses you.
The orc hits you with a +0 short sword.
* * * LOW HITPOINT WARNING * * *
Something hits you but does no damage. The goblin hits you but does no damage.
The ball python hisses angrily.
You slash something! The orc barely misses you. The rat barely misses you.
The orc barely misses you. The orc hits you but does no damage.
The goblin hits you with a +0 dagger.
* * * LOW HITPOINT WARNING * * *
You hear some strange, mumbled words.
A magic dart appears from out of thin air!
The magic dart hits you.
You die...
Your body disappears without a glow.

#### ...# ....#
... ##########.#
.......{o..#####
......r@oo..S..#
.#.....og#####..
#.###.......#
#.......#
#.......#
#.......#
#....!....
#.......#.#
#.......#..


You could see 4 orcs, a goblin, a ball python and a rat.

Vanquished Creatures
  An adder (D:2)
  4 endoplasms (D:1)
  A giant cockroach (D:1)
  A goblin (D:2)
  6 hobgoblins (D:1)
  4 jackals (D:1)
  3 kobolds (D:1)
  3 ball pythons (D:1)
  3 bats (D:1)
  A frilled lizard (D:1)
  3 rats (D:1)
30 creatures vanquished.

Notes
Turn   | Place    | Note
-------+----------+-------------------------------------------
     0 | D:1      | NotaViper the Ghoul Gladiator began the quest for the Orb.
     0 | D:1      | Reached XP level 1. HP: 17/17 MP: 0/0
   158 | D:1      | Reached XP level 2. HP: 22/24 MP: 1/1
   173 | D:1      | Found a faded altar of an unknown god.
   186 | D:1      | Got Plato's Reference Book on Intoxication
   187 | D:1      | Prayed at the altar of an unknown god.
   187 | D:1      | Became a worshipper of Nemelex Xobeh the Trickster
   187 | D:1      | Reached * piety under Nemelex Xobeh
   187 | D:1      | Received a gift from Nemelex Xobeh
   577 | D:1      | Reached XP level 3. HP: 30/30 MP: 2/2
  1155 | D:2      | Reached skill level 1 in Armour
  1162 | D:2      | Killed from afar by an orc wizard

Illustrated notes

Levels and vault maps discovered:
D:1:      sevenhm_arrival_forest_fort_small_5, layout_basic,
          shapermc_ecumenical_altar_rom_forum
D:2:      layout_basic

Skill      XL: |  1  2  3 |
---------------+----------+-----
Dodging        | 3 |  3.2
Long Blades    | 3 |  3.1
Armour         | 1 |  1.1
Fighting       | |  2.4
Throwing       | |  1.9

Action                   || total
-------------------------++-------
Melee: Long sword        ||   103
       Punch             ||     1
Armor: Leather armour    ||    58
Dodge: Dodged            ||   128
